General information
- name: BNet
- type: Ladder team game (AT/RT)
- host: Battle.net
- saver: WayOfTheBlade
map: Mur'gulOasis_LV
- players: 8
- length: 38:44
- speed: Fast
- version: 1.29 W3XP
- replay type: Public
» download(356 KB)
Players
team 1 (loser)

»
froghat (
teal | 46 APM | 559 actions | 12:12)
2 Dark Ranger
1 Black Arrow
1 Life Drain
» actions
| Assign group hotkey | 13 | |
| Basic commands | 2 | |
| Build / train | 34 | |
| Enter build submenu | 11 | |
| Enter hero's abilities submenu | 2 | |
| Right click | 287 | |
| Select / deselect | 101 | |
| Select group hotkey | 94 | |
| Use ability | 15 | |
559 total
» units
| Acolyte | 3 | |
| Ghoul | 3 | |
| Crypt Fiend | 12 | |
| Necromancer | 2 | |
20 total
» upgrades
| Web | 1 | |
| Creature Attack | 1 | |
| Necromancer Training | 1 | |
3 total
» buildings
| Ziggurat | 5 | |
| Crypt | 1 | |
| Altar of Darkness | 1 | |
| Nerubian Tower | 2 | |
| Graveyard | 1 | |
| Halls of the Dead | 1 | |
| Spirit Tower | 2 | |
| Black Citadel | 1 | |
| Tomb of Relics | 1 | |
| Temple of the Damned | 2 | |
17 total
» build order
00:11 Ziggurat
00:22 Crypt
00:31 Ziggurat
01:09 Altar of Darkness
01:37 Nerubian Tower
01:39 Nerubian Tower
02:14 Graveyard
02:37 Ziggurat
03:29 Halls of the Dead
04:13 Ziggurat
05:20 Spirit Tower
05:25 Spirit Tower
07:45 Black Citadel
08:07 Tomb of Relics
08:24 Ziggurat
09:02 Temple of the Damned
10:34 Temple of the Damned
» items
| Scroll of Town Portal | 1 | |
| Sacrificial Skull | 1 | |
2 total

»
eat_a_deck (
red | 44 APM | 540 actions | 12:15)
2 Keeper of the Grove
1 Entangling Roots
1 Thorns Aura
2 Priestess of the Moon
1 Searing Arrows
1 Trueshot Aura
» actions
| Assign group hotkey | 10 | |
| Basic commands | 5 | |
| Build / train | 43 | |
| Enter build submenu | 21 | |
| Enter hero's abilities submenu | 4 | |
| Remove unit from queue | 2 | |
| Right click | 162 | |
| Select / deselect | 186 | |
| Select group hotkey | 79 | |
| Use ability | 28 | |
540 total
» units
| Wisp | 14 | |
| Archer | 4 | |
| Druid of the Talon | 2 | |
| Faerie Dragon | 1 | |
| Hippogryph | 4 | |
25 total
» upgrades
| Strength of the Wild | 2 | |
| Ultravision | 1 | |
| Reinforced Hides | 1 | |
| Corrosive Breath | 1 | |
5 total
» buildings
| Altar of Elders | 2 | |
| Moon Well | 5 | |
| Ancient of War | 1 | |
| Ancient of Wonders | 1 | |
| Hunter's Hall | 1 | |
| Tree of Ages | 1 | |
| Ancient of Wind | 2 | |
| Ancient Protector | 2 | |
| Tree of Eternity | 1 | |
| Chimaera Roost | 2 | |
18 total
» build order
00:11 Altar of Elders
00:16 Altar of Elders
00:19 Moon Well
00:25 Ancient of War
01:45 Moon Well
02:02 Ancient of Wonders
03:13 Hunter's Hall
03:23 Tree of Ages
04:41 Moon Well
04:48 Moon Well
05:46 Ancient of Wind
05:54 Ancient Protector
06:00 Ancient Protector
06:52 Tree of Eternity
08:32 Moon Well
09:49 Chimaera Roost
09:53 Chimaera Roost
10:58 Ancient of Wind
» items
| Scroll of Town Portal | 1 | |
| Orb of Venom | 1 | |
2 total
888888188888888 (
purple | 129 APM | 5006 actions | 38:43)
5 Archmage
3 Summon Water Elemental
2 Brilliance Aura
5 Mountain King
3 Storm Bolt
2 Bash
4 Goblin Alchemist
2 Healing Spray
2 Chemical Rage
1 Keeper of the Grove
1 Entangling Roots
» actions
| Assign group hotkey | 90 | |
| Basic commands | 215 | |
| Build / train | 191 | |
| ESC pressed | 10 | |
| Enter build submenu | 76 | |
| Enter hero's abilities submenu | 15 | |
| Give item / drop item | 4 | |
| Right click | 1415 | |
| Select / deselect | 814 | |
| Select group hotkey | 1840 | |
| Use ability | 336 | |
5006 total
» units
| Peasant | 16 | |
| Footman | 5 | |
| Rifleman | 11 | |
| Wisp | 10 | |
| Priest | 3 | |
| Mortar Team | 3 | |
| Spell Breaker | 2 | |
50 total
» upgrades
| Gunpowder | 3 | |
| Long Rifles | 1 | |
| Armor | 3 | |
| Masonry | 3 | |
| Priest Training | 2 | |
| Well Spring | 1 | |
| Nature's Blessing | 1 | |
| Sorceress Training | 2 | |
| Fragmentation Shards | 1 | |
| Plating | 3 | |
| Barrage | 3 | |
| Lumber Harvesting | 2 | |
| Swords | 3 | |
| Control Magic | 1 | |
| Magic Sentry | 1 | |
| Flare | 1 | |
| Flak Cannons | 1 | |
32 total
» buildings
| Altar of Kings | 1 | |
| Barracks | 1 | |
| Farm | 11 | |
| Arcane Vault | 2 | |
| Blacksmith | 1 | |
| Keep | 2 | |
| Lumber Mill | 1 | |
| Scout Tower | 33 | |
| Guard Tower | 38 | |
| Arcane Tower | 3 | |
| Castle | 2 | |
| Arcane Sanctum | 2 | |
| Town Hall | 4 | |
| Ancient Protector | 10 | |
| Ziggurat | 3 | |
| Workshop | 2 | |
| Moon Well | 3 | |
119 total
» build order
00:56 Altar of Kings
00:58 Barracks
01:00 Farm
01:05 Farm
01:09 Farm
01:49 Arcane Vault
02:30 Farm
02:33 Blacksmith
04:00 Keep
04:00 Keep
04:16 Farm
05:05 Lumber Mill
05:42 Scout Tower
05:55 Scout Tower
05:58 Scout Tower
06:27 Guard Tower
06:27 Guard Tower
06:28 Guard Tower
06:28 Guard Tower
06:35 Arcane Tower
07:28 Castle
07:28 Castle
07:48 Farm
09:47 Arcane Sanctum
11:58 Town Hall
12:01 Scout Tower
12:02 Scout Tower
12:03 Scout Tower
12:05 Scout Tower
12:13 Farm
12:44 Scout Tower
12:45 Scout Tower
12:46 Scout Tower
13:02 Guard Tower
13:03 Guard Tower
13:17 Guard Tower
13:18 Guard Tower
13:19 Guard Tower
13:19 Guard Tower
13:27 Ancient Protector
13:28 Ancient Protector
13:30 Ancient Protector
13:31 Ancient Protector
13:39 Ziggurat
13:40 Ziggurat
13:40 Ziggurat
15:04 Scout Tower
15:05 Scout Tower
15:08 Scout Tower
15:14 Ancient Protector
15:18 Ancient Protector
15:21 Ancient Protector
15:22 Ancient Protector
15:34 Guard Tower
15:34 Guard Tower
15:44 Ancient Protector
15:45 Ancient Protector
15:49 Guard Tower
15:49 Guard Tower
16:39 Workshop
16:42 Scout Tower
16:43 Scout Tower
17:10 Guard Tower
17:10 Guard Tower
17:53 Guard Tower
17:53 Guard Tower
19:05 Moon Well
19:07 Moon Well
19:08 Moon Well
20:10 Farm
21:12 Town Hall
21:21 Town Hall
21:23 Scout Tower
21:23 Scout Tower
21:24 Scout Tower
21:25 Scout Tower
21:45 Scout Tower
21:59 Guard Tower
22:00 Arcane Tower
22:00 Guard Tower
22:00 Guard Tower
22:32 Guard Tower
22:32 Guard Tower
23:41 Scout Tower
23:44 Scout Tower
23:47 Scout Tower
23:50 Scout Tower
24:27 Guard Tower
24:27 Guard Tower
24:45 Guard Tower
24:45 Guard Tower
24:46 Guard Tower
26:51 Workshop
26:55 Arcane Sanctum
26:59 Guard Tower
29:22 Farm
29:23 Farm
30:01 Town Hall
30:07 Scout Tower
30:10 Scout Tower
30:12 Scout Tower
30:13 Scout Tower
30:15 Scout Tower
30:19 Scout Tower
30:52 Arcane Tower
30:58 Guard Tower
31:41 Guard Tower
31:41 Guard Tower
31:45 Guard Tower
31:51 Guard Tower
34:06 Scout Tower
34:08 Scout Tower
34:09 Scout Tower
34:49 Guard Tower
34:49 Guard Tower
35:08 Guard Tower
35:08 Guard Tower
35:24 Farm
35:30 Arcane Vault
» items
| Scroll of Regeneration | 9 | |
| Mechanical Critter | 6 | |
| Scroll of Town Portal | 5 | |
| Staff of Sanctuary | 1 | |
| Orb of Fire | 2 | |
| Potion of Healing | 3 | |
| Ivory Tower | 1 | |
| Scroll of Protection | 2 | |
| Potion of Lesser Invulnerability | 2 | |
| Boots of Speed | 1 | |
| Periapt of Vitality | 1 | |
| Dust of Appearance | 1 | |
34 total

»
Taterexx (
green | 67 APM | 803 actions | 12:03)
3 Far Seer
1 Feral Spirit
2 Chain Lighting
1 Tauren Chieftain
1 Shockwave
» actions
| Assign group hotkey | 18 | |
| Basic commands | 31 | |
| Build / train | 38 | |
| Enter build submenu | 11 | |
| Enter hero's abilities submenu | 5 | |
| Remove unit from queue | 2 | |
| Right click | 421 | |
| Select / deselect | 161 | |
| Select group hotkey | 85 | |
| Use ability | 31 | |
803 total
» units
| Peon | 8 | |
| Grunt | 5 | |
| Shaman | 5 | |
| Raider | 2 | |
20 total
» upgrades
| Berserker Strength | 1 | |
| Shaman Training | 2 | |
| Ensnare | 1 | |
| Armor | 1 | |
| Pillage | 1 | |
6 total
» buildings
| Altar of Storms | 1 | |
| Orc Burrow | 4 | |
| Barracks | 1 | |
| Voodoo Lounge | 1 | |
| War Mill | 1 | |
| Stronghold | 1 | |
| Spirit Lodge | 1 | |
| Fortress | 1 | |
| Beastiary | 2 | |
13 total
» build order
00:10 Altar of Storms
00:13 Orc Burrow
00:29 Barracks
01:36 Orc Burrow
02:05 Voodoo Lounge
02:57 Orc Burrow
03:02 War Mill
03:53 Stronghold
05:31 Orc Burrow
06:21 Spirit Lodge
06:29 Fortress
06:34 Beastiary
06:42 Beastiary
» items
| Healing Salve | 1 | |
| Lesser Clarity Potion | 1 | |
2 total
team 2 (winner)

»
Silentfire14 (
orange | 38 APM | 955 actions | 25:06)
5 Archmage
3 Summon Water Elemental
2 Brilliance Aura
» actions
| Assign group hotkey | 7 | |
| Basic commands | 121 | |
| Build / train | 59 | |
| Enter build submenu | 30 | |
| Enter hero's abilities submenu | 5 | |
| Give item / drop item | 3 | |
| Remove unit from queue | 1 | |
| Right click | 311 | |
| Select / deselect | 317 | |
| Select group hotkey | 38 | |
| Use ability | 63 | |
955 total
» units
| Peasant | 9 | |
| Sorceress | 7 | |
| Priest | 8 | |
| Spell Breaker | 7 | |
| Rifleman | 4 | |
35 total
» upgrades
| Lumber Harvesting | 2 | |
| Priest Training | 2 | |
| Sorceress Training | 2 | |
| Control Magic | 1 | |
| Magic Sentry | 1 | |
8 total
» buildings
| Altar of Kings | 1 | |
| Farm | 16 | |
| Keep | 1 | |
| Arcane Vault | 1 | |
| Lumber Mill | 1 | |
| Blacksmith | 1 | |
| Scout Tower | 6 | |
| Guard Tower | 2 | |
| Arcane Sanctum | 2 | |
| Arcane Tower | 1 | |
| Castle | 1 | |
| Town Hall | 2 | |
| Barracks | 1 | |
| Gryphon Aviary | 2 | |
38 total
» build order
00:15 Altar of Kings
00:21 Farm
01:54 Keep
02:03 Farm
02:09 Arcane Vault
02:14 Lumber Mill
02:41 Blacksmith
02:45 Farm
03:09 Scout Tower
03:48 Guard Tower
03:59 Farm
04:22 Arcane Sanctum
04:34 Arcane Sanctum
04:46 Farm
05:16 Scout Tower
05:51 Arcane Tower
06:44 Castle
08:09 Farm
10:05 Farm
12:21 Farm
12:22 Farm
12:22 Farm
12:23 Farm
12:23 Farm
15:06 Town Hall
15:35 Farm
15:37 Farm
15:37 Farm
15:37 Farm
18:27 Barracks
19:55 Scout Tower
19:56 Scout Tower
19:57 Scout Tower
19:58 Scout Tower
20:52 Guard Tower
22:39 Gryphon Aviary
22:41 Gryphon Aviary
23:53 Town Hall
» items
| Lesser Clarity Potion | 3 | |
| Boots of Speed | 1 | |
4 total

»
pizdec (
yellow | 135 APM | 3899 actions | 28:56)
5 Death Knight
3 Death Coil
2 Unholy Aura
3 Lich
2 Frost Nova
1 Frost Armor
» actions
| Assign group hotkey | 109 | |
| Basic commands | 88 | |
| Build / train | 69 | |
| Enter build submenu | 21 | |
| Enter hero's abilities submenu | 8 | |
| Give item / drop item | 4 | |
| Remove unit from queue | 1 | |
| Right click | 1182 | |
| Select / deselect | 1673 | |
| Select group hotkey | 630 | |
| Use ability | 114 | |
3899 total
» units
| Acolyte | 12 | |
| Ghoul | 2 | |
| Crypt Fiend | 9 | |
| Obsidian Statue | 3 | |
| Frost Wyrm | 5 | |
31 total
» upgrades
| Creature Attack | 1 | |
| Creature Carapace | 1 | |
| Web | 1 | |
| Destroyer Form | 1 | |
4 total
» buildings
| Crypt | 1 | |
| Ziggurat | 8 | |
| Altar of Darkness | 1 | |
| Graveyard | 1 | |
| Tomb of Relics | 1 | |
| Nerubian Tower | 1 | |
| Halls of the Dead | 1 | |
| Sacrificial Pit | 1 | |
| Slaughterhouse | 1 | |
| Black Citadel | 1 | |
| Spirit Tower | 3 | |
| Boneyard | 2 | |
| Necropolis | 1 | |
23 total
» build order
00:11 Crypt
00:13 Ziggurat
00:34 Altar of Darkness
00:59 Graveyard
01:26 Ziggurat
01:54 Tomb of Relics
02:24 Nerubian Tower
03:39 Ziggurat
04:46 Halls of the Dead
06:30 Ziggurat
06:31 Ziggurat
07:45 Sacrificial Pit
08:51 Slaughterhouse
09:41 Black Citadel
10:00 Spirit Tower
10:50 Spirit Tower
11:36 Ziggurat
13:25 Boneyard
13:27 Boneyard
13:56 Necropolis
18:51 Spirit Tower
27:32 Ziggurat
27:33 Ziggurat
» items
| Rod of Necromancy | 2 | |
| Scroll of Town Portal | 3 | |
| Potion of Healing | 1 | |
| Potion of Mana | 1 | |
| Potion of Lesser Invulnerability | 2 | |
| Scroll of Protection | 1 | |
| Scroll of Speed | 1 | |
| Lesser Clarity Potion | 1 | |
| Scroll of Healing | 2 | |
| Orb of Corruption | 1 | |
15 total
WayOfTheBlade (
blue | 58 APM | 2255 actions | 38:44)
5 Blademaster
3 Wind Walk
2 Critical Strike
» actions
| Assign group hotkey | 83 | |
| Basic commands | 231 | |
| Build / train | 60 | |
| Enter build submenu | 45 | |
| Enter hero's abilities submenu | 5 | |
| Give item / drop item | 4 | |
| Remove unit from queue | 1 | |
| Right click | 908 | |
| Select / deselect | 312 | |
| Select group hotkey | 494 | |
| Use ability | 112 | |
2255 total
» units
» upgrades
| Armor | 3 | |
| Reinforced Defenses | 1 | |
| Envenomed Spears | 1 | |
| Ranged Weapons | 3 | |
8 total
» buildings
| Orc Burrow | 9 | |
| Altar of Storms | 1 | |
| Barracks | 1 | |
| Voodoo Lounge | 2 | |
| Stronghold | 1 | |
| War Mill | 2 | |
| Beastiary | 4 | |
| Fortress | 1 | |
| Watch Tower | 23 | |
| Great Hall | 1 | |
45 total
» build order
00:17 Orc Burrow
00:34 Orc Burrow
01:00 Altar of Storms
01:03 Barracks
01:36 Voodoo Lounge
02:53 Stronghold
03:56 Orc Burrow
04:31 War Mill
05:43 Beastiary
05:46 Beastiary
06:41 Fortress
06:45 Orc Burrow
09:23 Watch Tower
09:23 Watch Tower
09:24 Watch Tower
09:24 Watch Tower
09:26 Watch Tower
09:27 Watch Tower
10:56 Watch Tower
10:57 Watch Tower
10:57 Watch Tower
10:58 Watch Tower
11:27 Orc Burrow
11:28 Orc Burrow
13:28 Great Hall
13:30 Watch Tower
13:31 Watch Tower
13:32 Watch Tower
13:33 Watch Tower
13:33 Watch Tower
13:34 Watch Tower
14:01 War Mill
15:11 Watch Tower
15:14 Watch Tower
15:46 Orc Burrow
15:50 Orc Burrow
16:08 Orc Burrow
16:44 Beastiary
16:46 Beastiary
19:51 Watch Tower
19:52 Watch Tower
20:26 Voodoo Lounge
20:46 Watch Tower
20:47 Watch Tower
20:47 Watch Tower
» items
| Healing Salve | 5 | |
| Dust of Appearance | 1 | |
| Orb of Lightning | 1 | |
| Staff of Teleportation | 1 | |
| Scroll of Town Portal | 3 | |
11 total
anxiety420 (
pink | 77 APM | 2997 actions | 38:43)
5 Paladin
2 Holy Light
2 Divine Shield
1 Devotion Aura
» actions
| Assign group hotkey | 100 | |
| Basic commands | 2 | |
| Build / train | 56 | |
| Enter build submenu | 23 | |
| Enter hero's abilities submenu | 6 | |
| Give item / drop item | 1 | |
| Remove unit from queue | 1 | |
| Right click | 1399 | |
| Select / deselect | 480 | |
| Select group hotkey | 885 | |
| Use ability | 44 | |
2997 total
» units
| Peasant | 14 | |
| Footman | 3 | |
| Rifleman | 17 | |
34 total
» upgrades
| Defend | 1 | |
| Gunpowder | 2 | |
| Armor | 2 | |
| Long Rifles | 1 | |
6 total
» buildings
| Altar of Kings | 1 | |
| Farm | 13 | |
| Barracks | 2 | |
| Scout Tower | 1 | |
| Arcane Vault | 1 | |
| Lumber Mill | 1 | |
| Blacksmith | 1 | |
| Guard Tower | 1 | |
| Keep | 1 | |
22 total
» build order
00:16 Altar of Kings
00:20 Farm
00:53 Barracks
01:31 Farm
01:53 Barracks
03:06 Scout Tower
03:43 Arcane Vault
03:48 Lumber Mill
03:52 Blacksmith
04:12 Farm
05:09 Guard Tower
05:12 Farm
05:46 Keep
05:52 Farm
06:18 Farm
08:03 Farm
10:47 Farm
10:50 Farm
11:35 Farm
11:37 Farm
19:05 Farm
20:15 Farm
» items
| Potion of Healing | 1 | |
| Potion of Lesser Invulnerability | 1 | |
| Scroll of Protection | 1 | |
| Circlet of Nobility | 1 | |
| Periapt of Vitality | 1 | |
| Boots of Speed | 1 | |
| Scroll of Town Portal | 1 | |
7 total
Chat log
(02:11 / Allies) anxiety420: rush ir cc
(02:17 / Allies) Silentfire14: cc plz
(02:17 / Allies) WayOfTheBlade: cc
(07:03 / Allies) WayOfTheBlade: too hard
(09:09 / Allies) Silentfire14: omw
(09:44 / All) WayOfTheBlade: Faggot
(09:53 / Allies) Silentfire14: lets go
(10:07 / Allies) anxiety420: STOP PINGINS LIGT TAT
(11:05 / Allies) WayOfTheBlade: gold?
(11:42 / All) WayOfTheBlade: tit for tat, baby
(11:59 / All) Taterexx: teammates have down syndrome
(12:00 / All) Taterexx: gg
(12:04 / All) WayOfTheBlade: u
(12:33 / Allies) Silentfire14: haha
(14:42 / Allies) WayOfTheBlade: wood?
(14:57 / Allies) WayOfTheBlade: ty
(14:58 / Allies) WayOfTheBlade: gold?
(17:02 / Allies) WayOfTheBlade: gold wood/
(17:37 / Allies) Silentfire14: did you tk me?
(17:54 / Allies) Silentfire14: dude i gave you gold nad wood
(19:17 / Allies) Silentfire14: whats your problem?
(19:24 / All) WayOfTheBlade: What's YOUR problem?
(20:47 / Allies) Silentfire14: help me kill
(21:57 / Allies) Silentfire14: pink tp
(22:10 / Allies) Silentfire14: ok go
(23:00 / Allies) Silentfire14: yellow
(23:55 / Allies) anxiety420: why u tk
(24:00 / Allies) anxiety420: gg
(24:06 / Allies) Silentfire14: small penis
(24:11 / Allies) Silentfire14: so he needs to find some power in his life
(24:14 / Allies) Silentfire14: this is it
(24:15 / Allies) Silentfire14: lol
(24:33 / Allies) Silentfire14: pink come
(24:33 / Allies) Silentfire14: plz
(24:53 / Allies) anxiety420: ill leave
(24:54 / Allies) anxiety420: gg
(25:19 / Allies) anxiety420: ???????
(25:22 / Allies) anxiety420: why this
(25:40 / All) WayOfTheBlade: INTENSE
(25:46 / All) WayOfTheBlade: THE LIFE OF A REPO MAN IS ALWAYS INTENSE!
(26:50 / Allies) anxiety420: wut
(26:52 / Allies) anxiety420: why
(27:10 / Allies) WayOfTheBlade: What's your problem?
(29:44 / All) WayOfTheBlade: Didn't think we had it but they were shook
(29:50 / All) WayOfTheBlade: didn't know what to do
(30:01 / All) anxiety420: this guy killed TK all team
(30:04 / All) anxiety420: reported
(30:06 / All) 888888188888888: close game but closer than it shoulda been
(30:08 / All) anxiety420: ill lose account
(30:11 / All) WayOfTheBlade: Why report me?
(30:13 / All) WayOfTheBlade: What's wrong with you
(30:20 / All) anxiety420: i have recorded
(30:27 / Allies) WayOfTheBlade: So? What's your problem?
(30:28 / All) anxiety420: no talk with stupid team killer
(30:40 / Allies) WayOfTheBlade: You want to cost me my cd-key? Have a heart
(30:40 / All) anxiety420: its gg guys
(30:45 / All) 888888188888888: it's just me
(30:48 / All) 888888188888888: raped 1v4 noob
(31:21 / All) anxiety420: yoy hhapy man ?
(31:24 / All) 888888188888888: yes
(31:26 / All) 888888188888888: leave
(31:29 / All) 888888188888888: stop wasting my time
(31:30 / All) anxiety420: not you
(31:44 / All) anxiety420: he wasting
(31:45 / Allies) WayOfTheBlade: Me? Yes, why shouldn't I be?
(31:50 / Allies) WayOfTheBlade: What's your problem?
(32:05 / All) anxiety420: haha you so stupid
(32:06 / Allies) WayOfTheBlade: Are you mad I bust a nut on your mom's face?
(32:15 / Allies) WayOfTheBlade: It's her fault she was so cheap, only cost me my milk money
(32:18 / All) 888888188888888: if you aren't talking to me why talk in all chat
(32:24 / All) 888888188888888: confused how to use allied chat?
(32:35 / All) anxiety420: HAHA
(32:38 / All) anxiety420: yea
(32:50 / All) anxiety420: you are not my ally ?
(33:06 / Allies) WayOfTheBlade: I'm a Win Repo Man, just doing my job ma'am
(33:13 / Allies) WayOfTheBlade: This win has been repossessed
(33:21 / All) anxiety420: win wat ?
(33:34 / Allies) WayOfTheBlade: Win REPO men
(33:35 / Allies) anxiety420: you stupiud ?
(33:37 / Allies) WayOfTheBlade: I repossess wins
(33:43 / Allies) anxiety420: you reported
(33:50 / Allies) WayOfTheBlade: You haven't been paying up, what's wrong with you?
(34:05 / Allies) anxiety420: you nnoob alot
(34:09 / Allies) anxiety420: what wrong with u ?
(34:17 / Allies) WayOfTheBlade: What's YOUR problem?
(34:31 / Allies) anxiety420: what u problem ?
(34:39 / Allies) WayOfTheBlade: I'm trying to eat this fish, what's YOUR problem
(35:05 / Allies) anxiety420: why u dont leave
(35:08 / Allies) WayOfTheBlade: Leave me alone, don't report me
(35:11 / Allies) WayOfTheBlade: What's wrong with y ou?
(35:25 / Allies) anxiety420: you big recorded and reported
(35:47 / Allies) anxiety420: ill miss your cd key
(35:58 / Allies) WayOfTheBlade: Why? What's your problem?
(36:11 / Allies) WayOfTheBlade: What's wrong with you?
(36:25 / Allies) WayOfTheBlade: You like being a rat snitch? You rat fink?
(38:13 / Allies) WayOfTheBlade: You report me? I report you!
(38:21 / Allies) WayOfTheBlade: You hurt my feelings and gave me PSTD